 Dungeon Crawl Stone Soup version 0.28-a0-909-g796cbd3a86 (webtiles) character file.

Game seed: 43173722345519263

206 horus123 the Slasher (level 5, 0/38 HPs)
             Began as a Demonspawn Gladiator on Nov 24, 2021.
             Succumbed to a scorpion's poison
             ... on level 2 of the Dungeon.
             The game lasted 00:08:23 (3963 turns).

horus123 the Slasher (Demonspawn Gladiator)         Turns: 3963, Time: 00:08:24

Health: 0/38       AC:  7    Str: 15    XL:     5   Next: 53%
Magic:  6/6        EV: 12    Int:  9    God:
Gold:   231        SH:  5    Dex: 15    Spells: 4/6 levels left

rFire   . . .      SeeInvis .   h - +2 double sword (vamp)
rCold   + . .      Faith    .   (no shield)
rNeg    . . .      Spirit   .   e - +1 robe {rC+}
rPois   .          Reflect  +   c - +0 helmet
rElec   .          Harm     .   (no cloak)
rCorr   .          Rampage  .   (no gloves)
Will    .....                   j - +2 pair of boots
Stlth   +.........              k - amulet of reflection
HPRegen 0.12/turn               (no ring)
MPRegen 0.20/turn               (no ring)

@: lethally poisoned (0 -> -13), flying
A: powered by death 1, magic regeneration, weakness stinger 1
a: no special abilities


You were on level 2 of the Dungeon.
You visited 1 branch of the dungeon, and saw 4 of its levels.

You collected 231 gold pieces.

Inventory:

Hand Weapons
 a - a +0 long sword
 h - a +2 vampiric double sword (weapon)
Missiles
 d - 3 throwing nets
 i - 4 poisoned darts
 n - 3 javelins (quivered)
Armour
 b - a +0 leather armour
 c - a +0 helmet (worn)
 e - a +1 robe of cold resistance (worn)
 j - a +2 pair of boots (worn)
Jewellery
 k - an amulet of reflection (around neck)
Wands
 r - a wand of acid (9)
Scrolls
 g - 2 scrolls of amnesia
 m - 2 scrolls of holy word
 o - a scroll of teleportation {unknown}
Potions
 f - a potion of haste


   Skills:
 - Level 2.0 Fighting
 - Level 5.0 Long Blades
 - Level 2.1 Throwing
 - Level 2.6 Dodging
 - Level 1.1 Spellcasting
 + Level 1.6 Fire Magic


You had 4 spell levels left.
You knew the following spells:

 Your Spells              Type           Power      Damage    Failure   Level
a - Scorch                Fire           6%         2d5       28%         2

Your spell library contained the following spells:

 Spells                   Type           Power      Damage    Failure   Level
 Flame Wave               Conj/Fire      2%         3d3       95%         4
 Summon Cactus Giant      Summ           0%         N/A       100%        6


Dungeon Overview and Level Annotations

Branches:
Dungeon (4/15)
 Temple: D:4-7

Altars:

Shops:
D:1 =[*=[


Innate Abilities, Weirdness & Mutations

You regenerate a little health from kills.
You regenerate magic rapidly.
You have a small tail.


Message History

You start resting.
Your extra speed is starting to run out.
You start resting.
You feel yourself slow down.
You start resting.
HP restored.
You climb downwards.
The scorpion stings you.
You are poisoned.
The scorpion poisons you! The scorpion barely misses you.
There is a stone staircase leading up here.
You hit the scorpion but do no damage.
You feel very sick.
The scorpion stings you but does no damage.
The scorpion barely misses you.
You barely miss the scorpion.
You feel sick.
The gnoll shaman hits you with a +0 club.
The scorpion stings you.
You are more poisoned.
The scorpion poisons you!
It was a potion of flight.
You feel very buoyant.
You fly up into the air.
You feel very sick. You block the gnoll shaman's attack.
You block the scorpion's attack.
It was a potion of magic.
Magic courses through your body.
You feel very sick. The scorpion barely misses you.
The gnoll shaman hits you with a +0 club.
* * * LOW HITPOINT WARNING * * *
You feel very sick. The scorpion stings you.
* * * LOW HITPOINT WARNING * * *
You are more poisoned.
The scorpion poisons you! You block the gnoll shaman's attack.
The scorpion stings you but does no damage.
You fly upwards.
* * * LOW HITPOINT WARNING * * *
You feel very sick.
There is a stone staircase leading down here.
You die...

#........# ##......
#.....(..# ##...#.
####(##### #####. #.####
##.† ##########....# #..#
##.....##......#########.##
##...>......................
#.........g>s....######.####
#..........@.....# ##.###
#................# #....##
#................# ####...
#................# ####
#....(...........# ###
##..............## #..
##.....##.....## #.#
##########.### ###.. #.#
#####....


You could see a gnoll shaman and a scorpion.

Vanquished Creatures
  An orc priest (D:3)
  An orc wizard (D:3)
  5 gnolls
  An adder (D:4)
  An adder skeleton (D:4)
  4 dart slugs
  6 orcs (D:3)
  8 ball pythons
  6 bats
  5 endoplasms
  2 giant cockroaches (D:1)
  9 goblins
  8 hobgoblins
  3 jackals (D:2)
  3 kobolds
  A quokka (D:2)
  4 frilled lizards
  6 rats
74 creatures vanquished.

Notes
Turn   | Place    | Note
-------+----------+-------------------------------------------
     0 | D:1      | horus123 the Demonspawn Gladiator began the quest for the
                  | Orb.
     0 | D:1      | Reached XP level 1. HP: 16/16 MP: 1/1
    35 | D:1      | Found Loosk's Armour Emporium.
    36 | D:1      | Found Jylon's Jewellery Boutique.
    38 | D:1      | Found Jistraff's Armour Boutique.
   142 | D:1      | Reached skill level 3 in Long Blades
   174 | D:1      | Found Tiana's Jewellery Shop.
   202 | D:1      | Gained mutation: You regenerate a little health from kills.
                  | [demonic ancestry]
   202 | D:1      | Reached XP level 2. HP: 12/22 MP: 2/2
   484 | D:1      | HP: 1/22 [gnoll (3)]
   801 | D:1      | Reached XP level 3. HP: 21/27 MP: 3/3
   984 | D:1      | Found Ucai's Assorted Antiques.
  1170 | D:1      | Reached skill level 4 in Long Blades
  1173 | D:1      | Found a faded altar of an unknown god.
  2451 | D:3      | Gained mutation: You regenerate magic rapidly. [demonic
                  | ancestry]
  2451 | D:3      | Reached XP level 4. HP: 33/33 MP: 4/4
  2598 | D:3      | Reached skill level 5 in Long Blades
  2751 | D:3      | Identified a scroll of acquirement
  2751 | D:3      | Acquired a +2 vampiric double sword
  2930 | D:3      | Learned a level 2 spell: Scorch
  3005 | D:3      | Gained mutation: You have a small tail. [demonic ancestry]
  3005 | D:3      | Reached XP level 5. HP: 38/38 MP: 5/5
  3592 | D:3      | Reached skill level 1 in Spellcasting
  3612 | D:3      | Reached skill level 1 in Fire Magic
  3963 | D:2      | Succumbed to a scorpion's poison

Illustrated notes

Levels and vault maps discovered:
D:1:      amcnicky_arrival_flooded_fountain, layout_loops_ring, serial_shops,
          nicolae_shop_statue_plus, shop, shop_coins, nicolae_shop_waterfront,
          shop, nicolae_ecumenical_snake_handling
D:2:      layout_rooms, hex_large, dk_noncrumbling_3
D:3:      layout_basic
D:4:      layout_rooms, mainiacjoe_overflow_six_doors_small,
          minmay_misc_feat_plants, grunt_tough_drop

Skill      XL: |  1  2  3  4  5 |
---------------+----------------+-----
Long Blades    | 3 4 5 |  5.0
Throwing       | 2 |  2.1
Spellcasting   | 1 |  1.1
Fire Magic     | 1 |  1.6
Fighting       | |  2.0
Dodging        | |  2.6

Action                   |  1- 3 |  4- 6 || total
-------------------------+-------+-------++-------
Melee: Long sword        |   127 |    14 ||   141
       Double sword      |       |    56 ||    56
Throw: Javelin           |    20 |     3 ||    23
       Throwing net      |     1 |       ||     1
  Use: Scroll            |     2 |     4 ||     6
       Potion            |       |     3 ||     3
Armor: Leather armour    |    14 |       ||    14
       Robe              |    31 |    29 ||    60
Dodge: Dodged            |   100 |    56 ||   156
Block: Other             |       |    26 ||    26

Table legend: (Time is in decaauts)
 A = Elapsed time spent in this place.
 B = Non-inter-level travel time spent in this place.
 C = Inter-level travel time spent in this place.
 D = Time resting spent in this place.
 E = Time spent auto-exploring this place.
 F = Levels seen in this place.
 G = Mean time per level.
                   A        B        C        D        E       F      G
               +--------+--------+--------+--------+--------+-----+--------+
         Total |   4001 |   3926 |     75 |    611 |   2627 |   4 | 1000.2 |
       Dungeon |   4001 |   3926 |     75 |    611 |   2627 |   4 | 1000.2 |
               +--------+--------+--------+--------+--------+-----+--------+

Top non-repeatable levels by time:
     D:1: 1547 daAuts
     D:3: 1310 daAuts
     D:2: 1110 daAuts
     D:4: 32 daAuts
